AoeStats
← ShangTsung

Arabia

509671451Analyzed
1v1 RM · 5d ago on Sep 27, 2026· 37m 50s· 2 players
Game mode
Random Map
Map size
Tiny (2 player)
Population
200
Speed
Normal
Resources
Standard
Victory
Conquest
Starting age
Dark Age
Ending age
Imperial Age
RankedLock teamsTeams togetherTeam positionsShared explorationLock speedFull tech treeHidden civsTurbo modeCheats
Victory
Defeat
🇬🇧 Bohemians · United Kingdom
1316
+18
🇧🇷 Bohemians · Brazil
1350
-18
Ariana Grande
7:03 Loom
9:25 Feudal Age
10:01 Double-Bit Axe
11:51 Horse Collar
12:49 Town Watch
14:34 Fletching
22:19 Castle Age
21:36 Wheelbarrow
21:13 Padded Archer Armor
22:43 Crossbowman
23:21 Bodkin Arrow
23:38 Bow Saw
24:15 Heavy Plow
28:43 Leather Archer Armor
33:17 Imperial Age
31:56 Hand Cart
32:36 Town Patrol
34:50 Conscription
34:35 Arbalester
36:09 Fervor
36:20 Sanctity
37:03 Bracer
ShangTsung
2:15 Loom
9:57 Feudal Age
11:59 Horse Collar
14:24 Double-Bit Axe
15:42 Fletching
18:08 Man-at-Arms
18:40 Arson
19:22 Padded Archer Armor
23:36 Wheelbarrow
27:07 Castle Age
27:09 Crossbowman
27:52 Bodkin Arrow
28:52 Bow Saw
28:43 Heavy Plow
30:06 Pikeman
30:47 Squires
31:16 Hand Cart
30:47 Town Watch
31:20 Scale Mail Armor
31:31 Forging
32:22 Chain Mail Armor
36:27 Iron Casting
Connection lost

Rejoining the realm…

Still unreachable

The connection could not be restored.

Session expired

The server has moved on; the page needs a fresh start.